 Dungeon Crawl Stone Soup version 0.28-a0-723-g095bd1b44f (webtiles) character file.

Game seed: 5871747019416420458

46 demibob the Chopper (level 3, -15/28 (30) HPs)
             Began as a Hill Orc Gladiator on Oct 26, 2021.
             Demolished by a wight (16 damage)
             ... on level 3 of the Dungeon.
             The game lasted 00:03:26 (2400 turns).

demibob the Chopper (Hill Orc Gladiator)            Turns: 2400, Time: 00:03:26

HP:   -15/28 (30)   AC:  4    Str: 16    XL:     3   Next: 66%
MP:   3/3           EV: 12    Int:  8    God:
Gold: 51            SH:  0    Dex: 13    Spells: 2/2 levels left

rFire   . . .      SeeInvis .   a - +0 war axe
rCold   . . .      Faith    .   (no shield)
rNeg    . . .      Spirit   .   b - +0 leather armour
rPois   .          Reflect  .   c - +0 helmet
rElec   .          Harm     .   (no cloak)
rCorr   .          Rampage  .   (no gloves)
Will    .....                   (no boots)
Stlth   +.........              (no amulet)
HPRegen 0.09/turn               (no ring)
MPRegen 0.08/turn               (no ring)

@: drained
A: no striking features
a: no special abilities


You were on level 3 of the Dungeon.
You visited 1 branch of the dungeon, and saw 3 of its levels.

You collected 51 gold pieces.


   Skills:
 - Level 2.4 Fighting
 + Level 6.0 Axes
 - Level 1.7 Throwing
 - Level 2.4 Dodging


You had 2 spell levels left.
You didn't know any spells.
Your spell library contained the following spells:

 Spells                   Type           Power      Damage    Failure   Level
 Animate Skeleton         Necr           0%         N/A       47%         1
 Pain                     Necr           0%         1d4       47%         1
 Sublimation of Blood     Necr           0%         N/A       63%         2
 Vampiric Draining        Necr           0%         2d6       85%         3
 Petrify                  Tmut/Erth      0%         N/A       99%         4
 Irradiate                Conj/Tmut      0%         3d14      100%        5

Inventory:

Hand Weapons
 a - a +0 war axe (weapon)
Missiles
 e - 10 poisoned darts (quivered)
Armour
 b - a +0 leather armour (worn)
 c - a +0 helmet (worn)
Potions
 h - a potion of brilliance

Dungeon Overview and Level Annotations

Branches:
Dungeon (3/15)

Altars:
Hepliaklqana
Kikubaaqudgha
The Shining One

Shops:
D:1 ?

Annotations:
D:3 Grinder, Terence

### #<# ####.# #..#.#
############ ####.)#.#
#..z...z...# #.....#.# #
#.########z# #.....#.# #.
#. #.# #.....#.# #..#.
#@# #.......# #..#.
##5#####.#######
#....#######...#....#
##⚑##
#.zz....z.......(##8...8#
##z######z..####.##.....#
#.#.. z.(......#⚑.....⚑#
#.#.###########.##.....##
▒5▒.▒.▒.▒.▒.▒.▒.##8...8#
▒.▒.▒.▒.▒.▒.▒.▒).#


You could see Grinder and 4 wights.


Message History

You start resting.
A wight is nearby!
Grinder gestures at you. Pain shoots through your body!
Throw: 2 throwing nets {=f}
Press: ? - help, Q - select action, (/) - cycle Shift-Dir - straight line, f - Grinder
Aim: Grinder (severely wounded, 53% to hit)
You throw a throwing net {=f}.
The throwing net {=f} barely misses Grinder.
Throw: throwing net {=f}
Press: ? - help, Q - select action, (/) - cycle Shift-Dir - straight line, f/p - Grinder
Aim: Grinder (severely wounded, 53% to hit)
You throw a throwing net {=f}.
The throwing net {=f} barely misses Grinder.
The wight hits you from afar with a +0 halberd!
Ouch! That really hurt!
* * * LOW HITPOINT WARNING * * *
You feel drained.
* * * LOW HITPOINT WARNING * * *
Throw: 10 darts (poison)
Press: ? - help, Q - select action Shift-Dir - straight line, f/p - Grinder
Aim: Grinder (severely wounded, 53% to hit)
Okay, then.
A wight comes into view. It is wielding a +3 flail of freezing.
Grinder hits you but does no damage.
You barely miss Grinder.
Grinder is severely wounded.
The wight hits you from afar with a +0 halberd!
Ouch! That really hurt!
You die...

Skill      XL: |  1  2  3 |
---------------+----------+-----
Axes           | 5 6 |  6.0
Fighting       | |  2.4
Throwing       | |  1.7
Dodging        | |  2.4

Action                   || total
-------------------------++-------
Melee: War axe           ||   117
Throw: Throwing net      ||     3
  Use: Potion            ||     2
       Scroll            ||     1
Armor: Leather armour    ||    40
Dodge: Dodged            ||    85

Levels and vault maps discovered:
D:1:      pf_arrival_petrified_forest, layout_loops_ring, serial_shops,
          nicolae_shop_stone, serial_bayou, serial_bayou_pond_c,
          serial_bayou_pond_d, serial_bayou_pond_e, serial_bayou_lake_a
D:2:      layout_basic, shapermc_ecumenical_altar_gd, minmay_misc_feat_doors,
          kennysheep_boxes
D:3:      layout_basic, nicolae_overflow_hidden_temple,
          hangedman_decor_peaks_small, grunt_decor_fettered, uniq_terence,
          uniq_grinder, uniq_sigmund

Notes
Turn   | Place    | Note
-------+----------+-------------------------------------------
     0 | D:1      | demibob the Hill Orc Gladiator began the quest for the Orb.
     0 | D:1      | Reached XP level 1. HP: 18/18 MP: 1/1
   278 | D:1      | Reached XP level 2. HP: 25/25 MP: 2/2
   289 | D:1      | Found Seyh's Magic Scroll Emporium.
   397 | D:1      | Reached skill level 5 in Axes
  1073 | D:2      | Reached XP level 3. HP: 29/30 MP: 3/3
  1316 | D:2      | Found a faded altar of an unknown god.
  1631 | D:2      | Reached skill level 6 in Axes
  1885 | D:3      | Noticed Grinder
  1885 | D:3      | Paralysed by Grinder for 2 turns
  1916 | D:3      | Paralysed by Grinder for 7 turns
  1924 | D:3      | HP: 1/30 [Grinder/nerve-wracking pain (4)]
  2267 | D:3      | Found a hazy altar of Hepliaklqana.
  2270 | D:3      | Found a glowing golden altar of the Shining One.
  2270 | D:3      | Noticed Terence
  2272 | D:3      | Found an ancient bone altar of Kikubaaqudgha.
  2345 | D:3      | Paralysed by Grinder for 2 turns
  2398 | D:3      | HP: 1/28 [wight (3)]
  2400 | D:3      | Demolished by a wight

Vanquished Creatures
  An adder (D:2)
  2 endoplasms (D:1)
  3 giant cockroaches
  6 goblins
  4 jackals (D:2)
  2 quokkas (D:1)
  2 ball pythons
  3 bats
  4 frilled lizards
  6 kobolds
  2 rats
35 creatures vanquished.

Vanquished Creatures (others)
  2 demonic plants (D:2)
  A fungus (D:2)
  11 plants
  A withered plant (D:2)
15 creatures vanquished.

Grand Total: 50 creatures vanquished

Table legend: (Time is in decaauts)
 A = Elapsed time spent in this place.
 B = Non-inter-level travel time spent in this place.
 C = Inter-level travel time spent in this place.
 D = Time resting spent in this place.
 E = Time spent auto-exploring this place.
 F = Levels seen in this place.
 G = Mean time per level.
                   A        B        C        D        E       F      G
               +--------+--------+--------+--------+--------+-----+--------+
         Total |   2476 |   2360 |    116 |    292 |   1702 |   3 |  825.3 |
       Dungeon |   2476 |   2360 |    116 |    292 |   1702 |   3 |  825.3 |
               +--------+--------+--------+--------+--------+-----+--------+

Top non-repeatable levels by time:
     D:2: 1391 daAuts
     D:1: 906 daAuts
     D:3: 178 daAuts

Table legend:
 A = Non-vault XP
 B = Vault XP
 C = Vault XP percentage of total XP
 D = Non-vault monster count
 E = Vault monster count
 F = Vault count percentage of total count
                 A         B        C        D         E       F
            +---------+---------+-------+---------+---------+-------
      Total |      66 |       0 |   0.0 |      35 |       0 |   0.0
            +---------+---------+-------+---------+---------+-------
        D:1 |      24 |       0 |   0.0 |      15 |       0 |   0.0
        D:2 |      37 |       0 |   0.0 |      17 |       0 |   0.0
        D:3 |       5 |       0 |   0.0 |       3 |       0 |   0.0
            +---------+---------+-------+---------+---------+-------
